 Dungeon Crawl Stone Soup version 0.27.0-1-g7a089689b8 (console) character file.

Game seed: 5315336991442338208

318 jejorda2 the Poker (level 6, -3/43 HPs)
             Began as a Merfolk Arcane Marksman on Aug 2, 2021.
             Was a Believer of Hepliaklqana.
             Slain by a goblin (4 damage)
             ... led by Robin
             ... on level 4 of the Dungeon.
             The game lasted 00:07:26 (2179 turns).

jejorda2 the Poker (Merfolk Arcane Marksman)        Turns: 2179, Time: 00:07:27

Health: -3/43      AC:  9    Str: 13    XL:     6   Next: 45%
Magic:  7/7        EV:  6    Int: 12    God:    Hepliaklqana [**....]
Gold:   98         SH:  0    Dex: 14    Spells: 6/7 levels left

rFire    . . .     SeeInvis .   a - +0 trident
rCold    . . .     Faith    .   (no shield)
rNeg     . . .     Spirit   .   i - +0 chain mail
rPois    .         Reflect  .   (no helmet)
rElec    .         Harm     .   f - +0 cloak
rCorr    .         Rampage  .   (no gloves)
Will     .....                  (no boots)
Stlth    ..........             (no amulet)
HPRegen  0.14/turn              (no ring)
MPRegen  0.10/turn              (no ring)

@: no status effects
A: reduced essence, (nimble swimmer 2), mertail
a: Renounce Religion, Recall Ancestor, Ancestor Identity


You were on level 4 of the Dungeon.
You worshipped Hepliaklqana.
Hepliaklqana was pleased with you.
You visited 1 branch of the dungeon, and saw 4 of its levels.

You collected 98 gold pieces.

Inventory:

Hand Weapons
 a - a +0 trident (weapon)
 e - a +0 short sword
Missiles
 b - 5 javelins
 c - 2 throwing nets
 d - 62 stones (quivered)
Armour
 f - a +0 cloak (worn)
 i - a +0 chain mail (worn)
Wands
 o - a wand of digging (3)
Scrolls
 j - 3 scrolls of identify {unknown}
 k - 2 scrolls of silence {unknown}
 l - 2 scrolls of enchant armour {unknown}
 m - a scroll of magic mapping {unknown}
 n - a scroll of amnesia {unknown}
 p - a scroll of teleportation {unknown}
Potions
 g - a potion of heal wounds {unknown}
 h - a potion of flight {unknown}


   Skills:
 + Level 3.9 Fighting
 * Level 5.2 Polearms
 - Level 2.0 Throwing
 + Level 2.4 Armour
 - Level 2.6 Dodging
 - Level 1.0 Spellcasting
 - Level 3.0 Hexes


You had 6 spell levels left.
You knew the following spells:

 Your Spells              Type           Power      Damage    Failure   Level
a - Corona                Hex            7%         N/A       95%         1

Your spell library contained the following spells:

 Spells                   Type           Power      Damage    Failure   Level
 Slow                     Hex            7%         N/A       99%         2
 Dazzling Flash           Conj/Hex       8%         N/A       100%        3
 Gell's Gravitas          Tloc           0%         N/A       100%        3
 Inner Flame              Hex/Fire       4%         N/A       100%        3
 Portal Projectile        Hex/Tloc       8%         N/A       100%        3
 Teleport Other           Tloc           0%         N/A       100%        3
 Cause Fear               Hex            3%         N/A       100%        4
 Iskenderun's Mystic Bla  Conj/Tloc      0%         2d3       100%        4
 Dispersal                Tloc           0%         N/A       100%        6
 Starburst                Conj/Fire      0%         8x6d3     100%        6


Dungeon Overview and Level Annotations

Branches:
Dungeon (4/15)
 Temple: D:4-7

Altars:
Hepliaklqana
Qazlal
Trog

Shops:
D:2 *   D:3 ::*

Annotations:
D:4 Robin


Innate Abilities, Weirdness & Mutations

Your life essence is reduced to manifest your ancestor. (-10% HP)
((You are quick and stealthy near water. (Stealth+, EV+, Speed+++)))
Your lower body shifts to a powerful aquatic tail in water.


Message History

The necrophage is severely damaged.
The hobgoblin no longer looks unusually strong.
The goblin no longer looks unusually strong.
The goblin hits Aylmer with a +0 dagger.
The necrophage barely misses you.
The hobgoblin hits you but does no damage.
The goblin hits you but does no damage. x2
Aylmer hits the necrophage with a +0 dagger of draining.
The goblin hits you but does no damage.
You hit the necrophage.
You destroy the necrophage!
The goblin barely misses you.
The hobgoblin hits you but does no damage.
The goblin hits you but does no damage.
Aylmer hits the goblin with a +0 dagger of draining.
The goblin dies!
The goblin hits you but does no damage.
Your Polearms skill increases to level 5!
You hit Robin but do no damage. The hobgoblin hits you.
The goblin barely misses you. The goblin hits you but does no damage.
Robin roars a battlecry!
The goblins go into a battle-frenzy!
Aylmer barely misses Robin.
The goblin closely misses you.
You hit Robin.
Robin is lightly wounded.
The hobgoblin hits you but does no damage.
The goblin hits you but does no damage. The goblin barely misses you.
Aylmer casts a spell at the hobgoblin.
The hobgoblin seems to slow down.
Robin hits you with a +2 dagger of speed.
* * * LOW HITPOINT WARNING * * *
The goblin hits you with a +0 dagger.
* * * LOW HITPOINT WARNING * * *
Unknown command.
You closely miss the goblin.
The goblin no longer looks unusually strong.
Robin hits you with a +2 dagger of speed.
* * * LOW HITPOINT WARNING * * *
The goblin hits you with a +0 club.
You die...

..# #.# #.# ##### #.#
#...### # #.# #...#..
.###'#####.# #...#..
......gR##.#######...#..
..>..hg@g........'...'..
......gg##......##...#..
...#'##########+##+###..
# # #....<.....
#..........
.............
.............
.....##+###.. ..... ###


You could see the friendly Aylmer the hexer, a black bear, Robin, a hobgoblin
(strong, slow, ally target) and 3 goblins.

Vanquished Creatures
  A necrophage (D:4)
  2 adders
  3 orcs
  3 ball pythons
  4 endoplasms
  5 goblins
  3 hobgoblins
  10 jackals (D:1)
  3 kobolds
  2 bats (D:3)
  3 frilled lizards
  6 rats
45 creatures vanquished.

Vanquished Creatures (collateral kills)
  An ogre (D:4)
  A centaur zombie (D:3)
  An orc wizard (D:3)
  An adder (D:4)
  A ball python (D:3)
  An endoplasm (D:2)
  A giant cockroach (D:3)
  3 hobgoblins
  A frilled lizard (D:3)
  4 goblins
  2 rats
17 creatures vanquished.

Grand Total: 62 creatures vanquished

Notes
Turn   | Place    | Note
-------+----------+-------------------------------------------
     0 | D:1      | jejorda2 the Merfolk Arcane Marksman began the quest for
                  | the Orb.
     0 | D:1      | Reached XP level 1. HP: 15/15 MP: 2/2
   329 | D:1      | Reached XP level 2. HP: 22/22 MP: 3/3
   419 | D:1      | Reached skill level 1 in Armour
   724 | D:1      | Found a faded altar of an unknown god.
   739 | D:1      | Became a worshipper of Hepliaklqana the Forgotten
   739 | D:1      | Reached * piety under Hepliaklqana
   948 | D:1      | Reached XP level 3. HP: 16/24 MP: 4/4
  1135 | D:2      | Found Wifuulam's Assorted Antiques.
  1617 | D:3      | Reached skill level 1 in Polearms
  1626 | D:3      | Reached skill level 2 in Polearms
  1626 | D:3      | Reached XP level 4. HP: 30/30 MP: 5/5
  1656 | D:3      | Found Vuloript's Book Boutique.
  1741 | D:3      | Found Pirurchoi's Book Shop.
  1785 | D:3      | Reached ** piety under Hepliaklqana
  1788 | D:3      | Found Wuhom's Assorted Antiques.
  1800 | D:3      | Remembered your ancestor Aylmer as a hexer
  1927 | D:3      | Found a bloodstained altar of Trog.
  1945 | D:3      | Found a stormy altar of Qazlal.
  1979 | D:3      | Reached skill level 3 in Polearms
  1979 | D:3      | Reached XP level 5. HP: 34/36 MP: 6/6
  2101 | D:4      | Noticed an ogre
  2112 | D:4      | Killed an ogre
  2113 | D:4      | Reached skill level 4 in Polearms
  2113 | D:4      | Reached XP level 6. HP: 38/42 MP: 7/7
  2161 | D:4      | Noticed a necrophage
  2161 | D:4      | Noticed Robin
  2164 | D:4      | Noticed a black bear
  2176 | D:4      | Killed a necrophage
  2177 | D:4      | Reached skill level 5 in Polearms
  2179 | D:4      | HP: 1/43 [Robin (6)]
  2179 | D:4      | Slain by a goblin

Illustrated notes

Levels and vault maps discovered:
D:1:      giann_horns, layout_basic, chequers_ecumenical_altar_island
D:2:      layout_rooms, serial_shops, nicolae_shop_overgrown_old_shop
D:3:      layout_rooms, general_overflow_altar, mainiacjoe_overflow_alcove_4,
          serial_shops, shop_fountains, nicolae_shop_statue_plus,
          nicolae_shop_trees
D:4:      layout_basic, mainiacjoe_overflow_cross_hatched,
          mainiacjoe_overflow_big_doors, minmay_parallelograms, uniq_robin

Skill      XL: |  1  2  3  4  5  6 |
---------------+-------------------+-----
Fighting       | 2 3 |  3.9
Armour         | 1 2 |  2.4
Polearms       | 2 3 4 5 |  5.2
Throwing       | |  2.0
Dodging        | |  2.6
Spellcasting   | |  1.0
Hexes          | |  3.0

Action                   |  1- 3 |  4- 6 || total
-------------------------+-------+-------++-------
Melee: Short sword       |    80 |       ||    80
       Unarmed           |     2 |       ||     2
       Trident           |    21 |    67 ||    88
Throw: Stone             |    13 |       ||    13
       Javelin           |     3 |       ||     3
Invok: Ancestor Identity |     1 |       ||     1
       Ancestor Life: He |       |     1 ||     1
 Stab: Sleeping          |     1 |       ||     1
       Distracted        |     1 |       ||     1
Armor: Robe              |     1 |       ||     1
       Ring mail         |    20 |       ||    20
       Chain mail        |    26 |    52 ||    78
Dodge: Dodged            |    57 |    30 ||    87
